[Event "Titled Tuesday Blitz November 22 Late 2022"]
[White "Terry, Renato"]
[Black "Robson, Ray"]
[WhiteFideId "3803457"]
[BlackFideId "2023970"]
[WhiteElo "2577"]
[BlackElo "2668"]
[Result "1/2-1/2"]
[Round "08"]
[TimeControl "180+1"]
[Date "2022.11.22"]
[WhiteClock "0:00:24"]
[BlackClock "0:00:06"]

1. d4 Nf6 2. Nf3 d5 3. c4 e6 4. e3 a6 5. b3 c5 6. dxc5 Bxc5 7. a3 Nc6 8. Bb2 dxc4 9. Qxd8+ Kxd8 10. b4 Bd6 11. Bxc4 Ke7 12. Nbd2 Bd7 13. Ke2 Rhc8 14. Rhc1 Na7 15. Nd4 Ba4 16. h3 Nc6 17. Nxc6+ Rxc6 18. Bd3 Rac8 19. Rxc6 Rxc6 20. Rc1 Rxc1 21. Bxc1 g6 22. Bb2 Nd5 23. Ne4 Bb5 24. Bxb5 axb5 25. Kd3 e5 26. f3 f6 27. Nc3 Nxc3 28. Bxc3 Ke6 29. e4 h5 30. Kc2 Kd7 31. Kb3 Kc6 32. g4 Bc7 33. Bd2 Bd8 34. Be3 Be7 35. Kc3 Bd8 36. Kd3 Be7 37. gxh5 gxh5 38. Ke2 Kd7 39. Kf2 Ke6 40. Ke2 Bd6 41. Kd3 Be7 42. Kc3 Kd7 43. Kb3 Kc6 44. Bd2 Bd8 45. Kc2 Be7 46. Kd3 Kd7 47. Be3 Bd8 48. Ke2 Ke6 49. Kf2 Be7 50. Kg3 f5 51. Kf2 f4 52. Bd2 Bh4+ 53. Ke2 Bf6 54. Bc3 Kd6 55. Kd3 Kc6 56. Kc2 Kd6 57. Kb3 Kc6 58. Be1 Be7 59. Bf2 Bf6 60. Bc5 Bg5 61. Bf8 Bf6 62. Kc3 Kd7 63. Kc2 Kc6 64. Kb3 Kd7 65. a4 Kc6 66. Bc5 Bg5 67. Bf8 Bf6 68. Ka3 Kb6 69. Bc5+ Kc6 70. Bf2 Be7 71. Kb3 Bf6 72. Bc5 Bg5 73. Ba7 Bf6 74. a5 Kd6 75. Bc5+ Kc6 76. Kc3 Kd7 77. Kd3 Ke6 78. Ke2 Kd7 79. Kf1 Ke6 80. Ke2 Kd7 81. Kd3 Ke6 82. Kc3 Kd7 83. Kb3 Kc6 84. Kc2 Kd7 85. Kd3 1/2-1/2


[Site "https://www.chess.com"]

[Event "Titled Tuesday Blitz November 22 Late 2022"]
[White "Thomas, Anysia"]
[Black "Marcolino, Daniel Mattos"]
[WhiteFideId "670472"]
[BlackFideId "2106841"]
[WhiteElo "2069"]
[BlackElo "2091"]
[Result "0-1"]
[Round "08"]
[TimeControl "180+1"]
[Date "2022.11.23"]
[WhiteClock "0:00:13"]
[BlackClock "0:00:13"]

1. d4 Nf6 2. c4 e6 3. Nf3 d5 4. g3 dxc4 5. Bg2 Nc6 6. O-O a6 7. e3 Rb8 8. Nfd2 Na5 9. Qa4+ c6 10. Nxc4 Nxc4 11. Qxc4 Be7 12. Nc3 O-O 13. e4 b5 14. Qd3 c5 15. Bf4 Rb6 16. Rad1 cxd4 17. e5 dxc3 18. exf6 Bxf6 19. Qe3 Bd7 20. Rxd7 Qxd7 21. Qxb6 cxb2 22. Qxa6 Qd3 23. Be4 Qxe4 24. Qxb5 h5 25. a4 h4 26. f3 Qd4+ 27. Kg2 Rc8 28. Rf2 Rc1 29. Bxc1 bxc1=Q 30. a5 h3+ 31. Kxh3 Qxf2 32. a6 Qcf1+ 33. Kg4 Qd4+ 34. f4 Qe2+ 35. Qxe2 Qa7 36. Kh3 Bd4 37. Kg2 g6 38. Qf1 Kf8 39. Qf3 Ke7 40. Qe2 Kd6 41. Qb5 Qa8+ 42. Qb7 Qxb7+ 43. axb7 Kc7 44. Kf3 Kxb7 45. Ke4 Bf6 46. g4 Kc6 47. f5 exf5+ 48. gxf5 g5 49. Kf3 Kd5 50. Kg4 Ke4 51. h3 Bg7 52. f6 Bxf6 53. Kh5 Kf5 54. Kh6 Kf4 55. Kh7 Kg3 56. Kg8 Kxh3 57. Kxf7 g4 58. Kxf6 g3 59. Kf5 g2 60. Kf4 g1=Q 61. Kf3 Qd4 62. Ke2 Qc3 63. Kf1 Qd2 64. Kg1 Qg2# 0-1


[Site "https://www.chess.com"]

[Event "Titled Tuesday Blitz November 22 Late 2022"]
[White "Toncheva, Nadya"]
[Black "monkins"]
[WhiteFideId "2924056"]
[WhiteElo "2101"]
[BlackElo "2307"]
[Result "1-0"]
[Round "08"]
[TimeControl "180+1"]
[Date "2022.11.23"]
[WhiteClock "0:00:12"]
[BlackClock "0:00:01"]

1. d4 Nf6 2. c4 c5 3. d5 b5 4. cxb5 a6 5. b6 Qxb6 6. Nc3 g6 7. e4 d6 8. Bd3 Bg7 9. a4 a5 10. Nf3 Ba6 11. Bb5+ Nbd7 12. O-O O-O 13. Nd2 Bxb5 14. axb5 Ne5 15. Qe2 Rfc8 16. Nc4 Nxc4 17. Qxc4 Nd7 18. Bg5 Ne5 19. Qe2 Qb7 20. f4 h6 21. Bh4 g5 22. fxe5 gxh4 23. Qh5 Rf8 24. exd6 exd6 25. Qxh4 c4 26. Kh1 Qb6 27. Qg4 Kh8 28. Rf3 Qd4 29. Rd1 Qe5 30. Rf5 Qe7 31. Rdf1 a4 32. Qh3 a3 33. bxa3 Rxa3 34. R5f3 Kg8 35. Qg4 Qg5 36. Qxg5 hxg5 37. Ne2 Rb3 38. Rc1 Rxb5 39. Rxc4 Re8 40. Kg1 Rb1+ 41. Kf2 Be5 42. g3 Kg7 43. Ra3 1-0


[Site "https://www.chess.com"]

[Event "Titled Tuesday Blitz November 22 Late 2022"]
[White "Toniutti, Ezio"]
[Black "Guzman, Christopher"]
[WhiteFideId "113034"]
[BlackFideId "6405096"]
[WhiteElo "2215"]
[BlackElo "2272"]
[Result "0-1"]
[Round "08"]
[TimeControl "180+1"]
[Date "2022.11.23"]
[WhiteClock "0:00:05"]
[BlackClock "0:00:32"]

1. d4 Nf6 2. c4 e6 3. g3 Bb4+ 4. Bd2 Be7 5. Nf3 b6 6. Bg2 Bb7 7. O-O O-O 8. Nc3 d5 9. Rc1 Nbd7 10. Bf4 dxc4 11. Qa4 c5 12. dxc5 Nxc5 13. Qxc4 Ba6 14. Nb5 Qe8 15. Nfd4 Rc8 16. a4 Nfd7 17. Be3 Ne5 18. Qa2 Qd7 19. Rfd1 Rfd8 20. b3 Ng4 21. Qb1 Nxe3 22. fxe3 Bxb5 23. axb5 Qc7 24. Nc6 Rxd1+ 25. Rxd1 Bf6 26. b4 Nd7 27. Qa2 Ne5 28. Qxa7 Qxa7 29. Nxa7 Rc4 30. Nc6 g6 31. Bf3 Kg7 32. Kg2 h5 33. Rd2 Rc3 34. Ra2 Rxe3 35. Ra6 Nc4 36. Ra7 Rb3 37. Rb7 h4 38. gxh4 Bxh4 0-1


[Site "https://www.chess.com"]

[Event "Titled Tuesday Blitz November 22 Late 2022"]
[White "Torres Boch, Jose Francisco"]
[Black "Milchev, Nikolay"]
[WhiteFideId "2278383"]
[BlackFideId "2906090"]
[WhiteElo "2073"]
[BlackElo "2449"]
[Result "0-1"]
[Round "08"]
[TimeControl "180+1"]
[Date "2022.11.23"]
[WhiteClock "0:00:09"]
[BlackClock "0:00:57"]

1. e4 Nf6 2. e5 Nd5 3. d4 d6 4. Nf3 g6 5. Be2 Bg7 6. O-O O-O 7. c4 Nb6 8. exd6 cxd6 9. Nc3 Bg4 10. Qd3 Nc6 11. d5 Bxf3 12. Qxf3 Ne5 13. Qe4 Rc8 14. Bg5 h6 15. Bh4 Re8 16. f4 Nexc4 17. f5 g5 18. Be1 Nxb2 19. Rb1 N6c4 20. h4 Qb6+ 21. Bf2 Qa5 22. Be1 Bxc3 23. hxg5 hxg5 24. f6 exf6 25. Qf3 Qc5+ 26. Kh1 Qe3 27. Bxc3 Qxf3 28. Bxf3 Nd3 29. Rxb7 Nce5 30. Bd4 a5 31. Be4 Rc4 32. Bxe5 Nxe5 33. Bf5 Rd4 34. Bd7 Re7 35. Bc6 Rxb7 36. Bxb7 Kg7 0-1


[Site "https://www.chess.com"]

[Event "Titled Tuesday Blitz November 22 Late 2022"]
[White "Torres Dominguez, David"]
[Black "Schut, Han"]
[WhiteFideId "2220857"]
[BlackFideId "1005561"]
[WhiteElo "2037"]
[BlackElo "2024"]
[Result "1-0"]
[Round "08"]
[TimeControl "180+1"]
[Date "2022.11.23"]
[WhiteClock "0:01:45"]
[BlackClock "0:01:16"]

1. e4 c5 2. Nf3 d6 3. d4 cxd4 4. Nxd4 Nf6 5. Nc3 g6 6. Be3 Bg7 7. f3 O-O 8. Qd2 Nc6 9. O-O-O d5 10. exd5 Nxd5 11. Nxd5 Qxd5 12. Nxc6 Qxc6 13. Bh6 Bxh6 14. Qxh6 Bf5 15. Bd3 Bxd3 16. Rxd3 Rfc8 17. Qd2 Rc7 18. Rd1 Kg7 19. Rd7 Rac8 20. Rxc7 Rxc7 21. Kb1 f6 22. c3 b5 23. Qd5 a6 24. Qxc6 Rxc6 25. Kc2 Kf7 26. Rd8 h5 27. Kd3 Ke6 28. b3 Rd6+ 29. Rxd6+ Kxd6 30. c4 Kc5 31. cxb5 axb5 32. a3 e5 33. Ke4 Kd6 34. g4 hxg4 35. fxg4 Ke6 36. h4 f5+ 37. gxf5+ gxf5+ 38. Ke3 Kd5 39. h5 f4+ 40. Ke2 Kd4 41. h6 f3+ 42. Kxf3 Kd3 43. Kf2 Kd2 44. Kf3 e4+ 45. Kxe4 1-0


[Site "https://www.chess.com"]

[Event "Titled Tuesday Blitz November 22 Late 2022"]
[White "Vlassov, Nikolai"]
[Black "Rubio Tent, Francisco"]
[WhiteFideId "4103360"]
[BlackFideId "2238233"]
[WhiteElo "2324"]
[BlackElo "2211"]
[Result "1-0"]
[Round "08"]
[TimeControl "180+1"]
[Date "2022.11.23"]
[WhiteClock "0:00:13"]
[BlackClock "0:00:01"]

1. e4 c6 2. d4 d5 3. e5 Bf5 4. Nf3 e6 5. Be2 Nd7 6. O-O Ne7 7. Nbd2 Bg6 8. Nb3 Nf5 9. Bd2 Be7 10. a4 O-O 11. a5 Rc8 12. Rc1 c5 13. c4 dxc4 14. Bxc4 cxd4 15. Bb5 Rxc1 16. Qxc1 a6 17. Bd3 Qb8 18. Re1 Rc8 19. Qb1 Nc5 20. Nxc5 Bxc5 21. b4 Ba7 22. b5 axb5 23. Qxb5 h6 24. Rb1 Rc7 25. a6 b6 26. Rc1 Kh7 27. h3 Rxc1+ 28. Bxc1 Qc7 29. Bb2 Qc5 30. g4 Ne7 31. Nxd4 Nd5 32. Qxc5 bxc5 33. Nc6 Bxd3 34. Nxa7 Bxa6 35. Nc6 Kg6 36. Bc1 Bb5 37. Na5 Nc3 38. Kg2 Bd3 39. f4 c4 40. Kf3 Nd5 41. Nb7 f6 42. Nd6 fxe5 43. fxe5 Nc3 44. h4 h5 45. gxh5+ Kxh5 46. Bg5 Nd5 47. Nb5 Kg6 48. Nd4 1-0


[Site "https://www.chess.com"]

[Event "Titled Tuesday Blitz November 22 Late 2022"]
[White "Weetik, Vjacheslav"]
[Black "Aghasiyev, Kamal"]
[WhiteFideId "4153472"]
[BlackFideId "13402854"]
[WhiteElo "2469"]
[BlackElo "2341"]
[Result "1-0"]
[Round "08"]
[TimeControl "180+1"]
[Date "2022.11.23"]
[WhiteClock "0:00:03"]
[BlackClock "0:00:17"]

1. e4 e5 2. Nf3 Nc6 3. Nc3 Nf6 4. Bb5 Bb4 5. O-O O-O 6. d3 Bxc3 7. bxc3 d6 8. Re1 Bd7 9. a4 h6 10. h3 Re8 11. Be3 Na5 12. Bxd7 Qxd7 13. c4 b6 14. Nh4 Nc6 15. Qf3 Qe6 16. Nf5 Ne7 17. a5 Nxf5 18. exf5 Qc8 19. g4 Rb8 20. axb6 axb6 21. h4 Qb7 22. Qh3 h5 23. f3 Ra8 24. g5 Nh7 25. Rxa8 Rxa8 26. f4 Nf8 27. fxe5 dxe5 28. Bf2 Ra2 29. Rxe5 Rxc2 30. Re8 Rc1+ 31. Be1 Qc6 32. Qe3 Rc2 33. Bf2 Ra2 34. Qe7 Ra1+ 35. Be1 Qc5+ 36. Kf1 Qxe7 37. Rxe7 g6 38. fxg6 Nxg6 39. Rxc7 Nxh4 40. Ke2 Nf5 41. Bc3 Rc1 42. Bf6 h4 43. Kf3 Rg1 44. d4 Rg3+ 45. Kf4 Rc3 46. Kxf5 Rf3+ 47. Kg4 1-0


[Site "https://www.chess.com"]

[Event "Titled Tuesday Blitz November 22 Late 2022"]
[White "Yeritsyan, Hayk"]
[Black "Osmak, Yuliia"]
[WhiteFideId "13307320"]
[BlackFideId "14101602"]
[WhiteElo "2392"]
[BlackElo "2328"]
[Result "1-0"]
[Round "08"]
[TimeControl "180+1"]
[Date "2022.11.23"]
[WhiteClock "0:00:12"]
[BlackClock "0:00:40"]

1. d4 Nf6 2. Nf3 e6 3. e3 d5 4. Bd3 c5 5. c3 Nc6 6. Nbd2 Bd6 7. Qe2 O-O 8. O-O e5 9. dxc5 Bxc5 10. e4 Qc7 11. exd5 Nxd5 12. Bxh7+ Kxh7 13. Qd3+ g6 14. Qxd5 b6 15. Ne4 Be7 16. Nxe5 Nxe5 17. Qxa8 Bb7 18. Nf6+ Kg7 19. Ne8+ Rxe8 20. Qxe8 Ng4 21. g3 Bc6 22. Bf4 Qxf4 23. Qxc6 Qh6 24. Qg2 Qd2 25. Qe4 Qg5 26. h4 f5 27. hxg5 fxe4 28. Rfe1 Bc5 29. Rxe4 Nxf2 30. Rd4 Nh3+ 31. Kg2 Nxg5 32. Rd5 Ne6 33. Re1 Kf6 34. b4 Bf8 35. Rxe6+ Kxe6 36. Rd3 Bg7 37. Kf3 b5 38. Ke4 Bf6 39. g4 Bg7 40. a3 Bf6 41. Rd5 a6 42. Rc5 Kd6 43. c4 bxc4 44. Rxc4 Bb2 45. a4 Ba3 46. b5 axb5 47. axb5 Bc5 48. Rxc5 Kxc5 49. Kf4 Kxb5 50. Kg5 Kc6 51. Kxg6 1-0


[Site "https://www.chess.com"]

[Event "Titled Tuesday Blitz November 22 Late 2022"]
[White "Zhu, Jiner"]
[Black "Corrales Jimenez, Fidel"]
[WhiteFideId "8608059"]
[BlackFideId "3506690"]
[WhiteElo "2384"]
[BlackElo "2541"]
[Result "1/2-1/2"]
[Round "08"]
[TimeControl "180+1"]
[Date "2022.11.22"]
[WhiteClock "0:00:23"]
[BlackClock "0:00:11"]

1. e4 c5 2. Nc3 Nc6 3. Nge2 g6 4. d4 cxd4 5. Nxd4 Bg7 6. Be3 Nf6 7. Bc4 O-O 8. Bb3 Na5 9. O-O Nxb3 10. axb3 d5 11. exd5 Nxd5 12. Nxd5 Qxd5 13. c3 a6 14. Qf3 Qxf3 15. Nxf3 Be6 16. b4 Rfd8 17. Bd4 f6 18. Rfe1 Kf7 19. Ng5+ fxg5 20. Bxg7 Rd2 21. Bd4 Rxb2 22. Re5 Bf5 23. Rae1 e6 24. Rc5 Re8 25. h3 h5 26. Kh2 g4 27. h4 Re7 28. Kg3 Rd7 29. Ree5 Ke7 30. Re3 Rd2 31. Rc8 Rd3 32. Rxd3 Bxd3 33. Kf4 Bf5 34. Kg5 Rd5 35. Kf4 Kd7 36. Rf8 Kc6 37. Rf7 b6 38. Ra7 Kb5 39. Rb7 Rd6 40. Ke5 Rc6 41. g3 Bc2 42. Rb8 Bb3 43. Rb7 Bd5 44. Rb8 Ba2 45. Rb7 Bb3 46. Rb8 Bd5 47. Kf6 a5 48. bxa5 Kxa5 49. Ke5 Ka6 50. Rg8 Rc7 51. Rxg6 Rh7 52. Rg5 Kb5 53. Kf6 Kc6 54. Kg6 Be4+ 55. Kf6 Bf5 56. Rg8 b5 57. Rc8+ Kd6 58. Rd8+ Kc7 59. Ra8 Kc6 60. Kg5 Kd5 61. Rc8 Ke4 62. Rc5 b4 63. Rb5 bxc3 64. Bxc3 Kf3 65. Bd4 Bd3 66. Ra5 Ke4 67. Be3 Bc4 68. Ra7 Rh8 69. Rd7 Bd5 70. Kg6 Bc6 71. Rh7 Be8+ 72. Kg7 Rxh7+ 73. Kxh7 Kf5 74. Kh6 Bf7 75. Kg7 Bg6 76. Kh6 e5 77. Kg7 e4 78. Kh6 Be8 79. Bd4 Bg6 80. Be3 Bf7 81. Kg7 Bg6 82. Kh6 1/2-1/2


[Site "https://www.chess.com"]

[Event "Titled Tuesday Blitz November 22 Late 2022"]
[White "vjecspec"]
[Black "Paiva, Henrique M A Albergaria"]
[BlackFideId "1920995"]
[WhiteElo "2572"]
[BlackElo "1953"]
[Result "1-0"]
[Round "08"]
[TimeControl "180+1"]
[Date "2022.11.23"]
[WhiteClock "0:00:53"]
[BlackClock "0:00:51"]

1. e4 c5 2. Nf3 Nc6 3. d4 cxd4 4. Nxd4 e6 5. c4 Nf6 6. Nc3 Bb4 7. Nxc6 dxc6 8. Qxd8+ Kxd8 9. e5 Nd7 10. Bf4 h6 11. h4 b6 12. O-O-O Bxc3 13. bxc3 Bb7 14. h5 Kc7 15. Rh4 Nc5 16. Be3 Nd7 17. Bf4 Nc5 18. Be3 Nd7 19. Rg4 Rhg8 20. Bf4 Nc5 21. Re1 Rad8 22. Re3 Ba6 23. Be2 b5 24. cxb5 Bxb5 25. c4 Ba4 26. Ra3 Ne4 27. Be3 1-0


[Site "https://www.chess.com"]

[Event "Titled Tuesday Blitz November 22 Late 2022"]
[White "Aghasiyev, Kamal"]
[Black "Sztokbant, Bernardo Vainzoff"]
[WhiteFideId "13402854"]
[BlackFideId "2115956"]
[WhiteElo "2341"]
[BlackElo "2228"]
[Result "0-1"]
[Round "09"]
[TimeControl "180+1"]
[Date "2022.11.23"]
[WhiteClock "0:00:01"]
[BlackClock "0:00:01"]

1. d4 d5 2. Bf4 c6 3. Nd2 Bf5 4. e3 e6 5. Ngf3 Nf6 6. Be2 Bd6 7. O-O Bxf4 8. exf4 O-O 9. Ne5 h6 10. Kh1 Bh7 11. f3 Ne8 12. Bd3 Bxd3 13. Nxd3 Nd7 14. Qe2 Nd6 15. g4 Qh4 16. Rg1 Nf6 17. Ne5 Rac8 18. Rg3 Nh7 19. Qg2 Qf6 20. c3 Qxf4 21. h4 c5 22. Nd3 Qf6 23. Nxc5 Qxh4+ 24. Rh3 Qe7 25. Re1 Ng5 26. Rh5 b6 27. Nd3 Qf6 28. Ne5 Rc7 29. Qg3 b5 30. Nd3 Rc6 31. Kg2 a5 32. a3 Nc4 33. Nxc4 bxc4 34. Ne5 Rb6 35. Re2 Rb7 36. Qf2 Rfb8 37. Kg3 a4 38. Rh2 Rb5 39. Qe3 R8b7 40. Qf4 Kf8 41. Qxf6 gxf6 42. Nc6 Kg7 43. Nb4 Nh7 44. Rh4 Nf8 45. Reh2 Rb8 46. Rxh6 Ng6 47. Rh7+ Kf8 48. f4 Rxb4 49. axb4 Ke7 50. R2h6 Nf8 51. Rh8 Rb7 0-1


[Site "https://www.chess.com"]

[Event "Titled Tuesday Blitz November 22 Late 2022"]
[White "Aguilar, Juan"]
[Black "Kleiman, Jake"]
[WhiteFideId "3800091"]
[BlackFideId "2020041"]
[WhiteElo "2493"]
[BlackElo "2608"]
[Result "1-0"]
[Round "09"]
[TimeControl "180+1"]
[Date "2022.11.23"]
[WhiteClock "0:00:07"]
[BlackClock "0:00:05"]

1. d4 Nf6 2. c4 c5 3. d5 b5 4. Nf3 d6 5. Qc2 g6 6. e4 Bg7 7. cxb5 O-O 8. Nc3 a6 9. a4 Nbd7 10. h3 Ne8 11. Be2 axb5 12. Bxb5 Ba6 13. Bxa6 Rxa6 14. O-O Nc7 15. Bg5 Re8 16. Rfb1 Qa8 17. Ra3 Kf8 18. Qd2 Kg8 19. Bh6 Bh8 20. b4 cxb4 21. Rxb4 Nc5 22. Nd4 e6 23. Ndb5 Nxb5 24. Nxb5 Qd8 25. Be3 exd5 26. exd5 Qa5 27. Rc4 Qxd2 28. Bxd2 Ne4 29. Re3 f5 30. f3 Nf6 31. Rxe8+ Nxe8 32. Rc8 Kf7 33. Rxe8 Bd4+ 34. Kf1 Bc5 35. Rc8 Rxa4 36. Rc7+ Kg8 37. Bc3 f4 38. Rc6 Rc4 39. Bf6 Rc2 40. Nxd6 Rf2+ 41. Ke1 Be3 42. Rc8# 1-0


[Site "https://www.chess.com"]

[Event "Titled Tuesday Blitz November 22 Late 2022"]
[White "Al-Tarboush, Ward"]
[Black "Samarth, J Rao"]
[WhiteFideId "7601450"]
[BlackFideId "46652370"]
[WhiteElo "2273"]
[BlackElo "1564"]
[Result "1-0"]
[Round "09"]
[TimeControl "180+1"]
[Date "2022.11.23"]
[WhiteClock "0:00:05"]
[BlackClock "0:00:02"]

1. e4 c5 2. Nf3 d6 3. d4 cxd4 4. Nxd4 Nf6 5. Nc3 a6 6. h3 e5 7. Nde2 h5 8. Bg5 Be7 9. g3 Nbd7 10. a4 b6 11. Bg2 Bb7 12. O-O Rc8 13. Qd2 O-O 14. Rad1 Qc7 15. Be3 Rfd8 16. f4 Nc5 17. Bxc5 dxc5 18. Qe3 Rxd1 19. Rxd1 Rd8 20. Rxd8+ Qxd8 21. f5 c4 22. Kh2 Bc5 23. Qc1 Qd7 24. Bf3 b5 25. axb5 axb5 26. b3 b4 27. Nd5 Bxd5 28. exd5 e4 29. Bg2 Qxd5 30. bxc4 Qxc4 31. Qd1 Nd5 32. h4 Ne3 33. Qd8+ Kh7 34. Nf4 Qxc2 35. Qg5 Nxg2 36. Qxh5+ Kg8 37. Nxg2 Qf2 38. Qd1 e3 39. f6 e2 40. Qd8+ Bf8 41. fxg7 Kxg7 42. Qg5+ Kh7 43. Qh5+ Kg8 44. Qg5+ Bg7 45. Qd8+ Kh7 46. Qe7 Bc3 47. Qe4+ Kg7 48. Qg4+ Kh7 49. Qh5+ Kg8 50. Qg4+ Bg7 51. Qc8+ Kh7 52. Qe8 e1=Q 53. Qxe1 Qxe1 54. Nxe1 b3 55. Nf3 b2 56. Nd2 Bc3 57. Nb1 Bb4 58. Kg2 Kg6 59. Kf3 Kf6 60. Kf4 Ke6 61. g4 Kd5 62. Ke3 Kc4 63. g5 1-0


[Site "https://www.chess.com"]

[Event "Titled Tuesday Blitz November 22 Late 2022"]
[White "Antonova, Nadezhda"]
[Black "Gardezi, Arsal"]
[WhiteFideId "14700182"]
[BlackFideId "30949521"]
[WhiteElo "1813"]
[BlackElo "1906"]
[Result "1-0"]
[Round "09"]
[TimeControl "180+1"]
[Date "2022.11.23"]
[WhiteClock "0:00:52"]
[BlackClock "0:00:04"]

1. Nf3 Nf6 2. b3 g6 3. Bb2 Bg7 4. g3 O-O 5. Bg2 d5 6. O-O c5 7. c4 d4 8. b4 Nc6 9. bxc5 e5 10. d3 Qe7 11. Ba3 Rd8 12. Nbd2 Bf5 13. Rb1 e4 14. Nh4 e3 15. Nxf5 gxf5 16. Nf3 exf2+ 17. Rxf2 Ng4 18. Nh4 Nxf2 19. Kxf2 f4 20. Be4 fxg3+ 21. hxg3 Qg5 22. Rxb7 Qe3+ 23. Kg2 Ne5 24. Bc1 Ng4 25. Qf1 Rf8 26. Nf5 Qf2+ 27. Qxf2 Nxf2 28. Kxf2 Rab8 29. c6 Rxb7 30. cxb7 Be5 31. Ne7+ Kg7 32. Nc6 Bc7 33. Bf4 f5 34. Bd5 1-0


[Site "https://www.chess.com"]

[Event "Titled Tuesday Blitz November 22 Late 2022"]
[White "Averjanov, Alexey"]
[Black "Arnold, Ken"]
[WhiteFideId "14109867"]
[BlackFideId "2056836"]
[WhiteElo "2585"]
[BlackElo "2367"]
[Result "1-0"]
[Round "09"]
[TimeControl "180+1"]
[Date "2022.11.23"]
[WhiteClock "0:02:11"]
[BlackClock "0:00:39"]

1. d4 Nf6 2. c4 e6 3. Nf3 Bb4+ 4. Nbd2 b6 5. g3 Bb7 6. Bg2 Ne4 7. O-O Nxd2 8. Bxd2 Bxd2 9. Qxd2 O-O 10. d5 exd5 11. cxd5 d6 12. Rac1 Nd7 13. Nd4 a5 14. b3 Nc5 15. Rc2 Re8 16. Rfc1 g6 17. a3 Rc8 18. b4 axb4 19. axb4 Ne4 20. Bxe4 Rxe4 21. f3 Re5 22. e4 Qe7 23. Nb5 Ba6 24. Nxc7 Bb7 25. Qh6 Bxd5 26. Nxd5 1-0


[Site "https://www.chess.com"]

[Event "Titled Tuesday Blitz November 22 Late 2022"]
[White "Baskakov, Egor"]
[Black "Rustemov, Alexander"]
[WhiteFideId "24197866"]
[BlackFideId "4119002"]
[WhiteElo "2211"]
[BlackElo "2882"]
[Result "0-1"]
[Round "09"]
[TimeControl "180+1"]
[Date "2022.11.22"]
[WhiteClock "0:00:04"]
[BlackClock "0:00:23"]

1. c4 e6 2. Nc3 d5 3. d4 Be7 4. g3 Nf6 5. cxd5 exd5 6. Bg2 c6 7. Nf3 Bf5 8. O-O O-O 9. h3 h6 10. Ne5 Nbd7 11. Bf4 Re8 12. Qd2 Bf8 13. Rac1 a5 14. b3 Bb4 15. Qb2 Qe7 16. Rcd1 Ba3 17. Qd2 Bb4 18. Qb2 Bd6 19. Nxd7 Qxd7 20. Bxd6 Qxd6 21. e3 Qd7 22. Kh2 Ne4 23. Nxe4 Bxe4 24. f3 Bg6 25. Rfe1 f5 26. h4 Re6 27. Bh3 Rae8 28. Qc3 Qe7 29. Rd3 Qb4 30. Kg2 Bh7 31. Kf2 g5 32. hxg5 hxg5 33. Rh1 Kg7 34. Qc1 Qe7 35. Rc3 Bg6 36. f4 g4 37. Bg2 Qb4 38. a3 Qe7 39. Rh4 Qd6 40. Bf1 R8e7 41. Be2 b6 42. a4 c5 43. dxc5 bxc5 44. Rxc5 d4 45. Rc8 Rxe3 46. Bf1 Rf3+ 47. Kg2 Qd5 48. Kg1 Rxg3+ 49. Kh2 Qf3 50. Qd2 Qe3 51. Qxe3 Rgxe3 52. Rd8 Rf3 53. Bc4 Bf7 0-1


[Site "https://www.chess.com"]

[Event "Titled Tuesday Blitz November 22 Late 2022"]
[White "Bazzano, Sebastian"]
[Black "Rodriguez Santiago, Jaime"]
[WhiteFideId "104566"]
[BlackFideId "3100898"]
[WhiteElo "2214"]
[BlackElo "2025"]
[Result "1-0"]
[Round "09"]
[TimeControl "180+1"]
[Date "2022.11.23"]
[WhiteClock "0:00:58"]
[BlackClock "0:00:56"]

1. d4 d5 2. Bf4 c5 3. e4 cxd4 4. Qxd4 Nc6 5. Qxd5 Qxd5 6. exd5 Nb4 7. Bb5+ Bd7 8. Bxd7+ Kxd7 9. Na3 Nxd5 10. O-O-O Kc6 11. Bg3 e6 12. Nf3 Bxa3 13. Ne5+ Kb6 14. Nxf7 Be7 15. Nxh8 Nh6 16. Rhe1 Bg5+ 17. Kb1 Kc5 18. Rxe6 Rxh8 19. Re5 1-0


[Site "https://www.chess.com"]

[Event "Titled Tuesday Blitz November 22 Late 2022"]
[White "Bogaudinov, Rushan"]
[Black "Pinheiro, Iung Alicio de O."]
[WhiteFideId "4129288"]
[BlackFideId "2104350"]
[WhiteElo "1997"]
[BlackElo "2283"]
[Result "1/2-1/2"]
[Round "09"]
[TimeControl "180+1"]
[Date "2022.11.23"]
[WhiteClock "0:00:53"]
[BlackClock "0:00:16"]

1. d4 Nf6 2. Nf3 g6 3. g3 Bg7 4. Bg2 O-O 5. O-O d6 6. b3 c5 7. e3 Nc6 8. Bb2 Ne4 9. Nbd2 d5 10. Nxe4 dxe4 11. Ne5 f5 12. Nxc6 bxc6 13. c4 Qc7 14. Qc2 cxd4 15. Bxd4 Bxd4 16. exd4 Rd8 17. Rad1 e5 18. dxe5 Be6 19. Qc3 c5 20. f3 Rxd1 21. Rxd1 Rd8 22. Rxd8+ Qxd8 23. fxe4 Qd1+ 24. Kf2 Qb1 25. Qd2 fxe4 26. Qd8+ Kg7 27. Qf6+ Kh6 28. Qxe6 Qc2+ 29. Kg1 Qc1+ 30. Bf1 Qe3+ 31. Kg2 Qf3+ 32. Kg1 Qe3+ 33. Kh1 Qf3+ 34. Kg1 Qe3+ 1/2-1/2


[Site "https://www.chess.com"]

[Event "Titled Tuesday Blitz November 22 Late 2022"]
[White "Bortnyk, Olexandr"]
[Black "Sarana, Alexey"]
[WhiteFideId "14120828"]
[BlackFideId "24133795"]
[WhiteElo "2723"]
[BlackElo "2708"]
[Result "1/2-1/2"]
[Round "09"]
[TimeControl "180+1"]
[Date "2022.11.22"]
[WhiteClock "0:00:04"]
[BlackClock "0:00:16"]

1. e4 c5 2. c3 d5 3. exd5 Qxd5 4. d4 Nc6 5. Be3 cxd4 6. cxd4 e5 7. Nc3 Bb4 8. Nf3 exd4 9. Nxd4 Nge7 10. Nxc6 Qxc6 11. Qd4 Bxc3+ 12. Qxc3 Qxc3+ 13. bxc3 Nd5 14. Bb5+ Bd7 15. Bxd7+ Kxd7 16. O-O-O Kc6 17. Bd4 f6 18. Rhe1 Rhe8 19. Kc2 b6 20. c4 Nf4 21. g3 Ne6 22. Be3 Rad8 23. Rxd8 Nxd8 24. h4 h5 25. Rd1 Nf7 26. Rd5 Re5 27. Rd3 Rf5 28. Kc3 Nd6 29. Rd4 Ra5 30. Bf4 Nf5 31. Rd8 Rxa2 32. Rc8+ Kd7 33. Rc7+ Ke6 34. Kd3 Rxf2 35. Rxa7 Nxg3 36. Ke3 Nh1 37. Ra1 Rc2 38. Kd3 Rf2 39. Ke3 Rc2 40. Kd3 Rf2 41. Ke3 1/2-1/2


[Site "https://www.chess.com"]

[Event "Titled Tuesday Blitz November 22 Late 2022"]
[White "Boruchovsky, Avital"]
[Black "Ibarra Jerez, Jose Carlos"]
[WhiteFideId "2800055"]
[BlackFideId "2226332"]
[WhiteElo "2458"]
[BlackElo "2638"]
[Result "0-1"]
[Round "09"]
[TimeControl "180+1"]
[Date "2022.11.22"]
[WhiteClock "0:00:01"]
[BlackClock "0:00:11"]

1. e4 c5 2. Nf3 Nc6 3. c3 Nf6 4. e5 Nd5 5. d4 cxd4 6. cxd4 d6 7. Bc4 dxe5 8. Bxd5 Qxd5 9. Nc3 Qd6 10. d5 Nd4 11. Nxd4 exd4 12. Qxd4 e5 13. Qe3 f5 14. O-O Kf7 15. Nb5 Qc5 16. Qxc5 Bxc5 17. Bd2 Bd7 18. Rfc1 Rhc8 19. a4 a6 20. Na3 b5 21. Nc2 bxa4 22. Bb4 Bb6 23. Ba3 f4 24. Nb4 e4 25. Nc6 e3 26. Bc5 Bxc6 27. Bxb6 exf2+ 28. Kxf2 Bxd5 29. Bd4 g5 30. Bc3 Bc6 31. Rd1 Rd8 32. h4 g4 33. Be5 f3 34. gxf3 Bxf3 35. Rxd8 Rxd8 36. Rc1 Rd2+ 37. Kg3 Rg2+ 38. Kf4 Re2 39. Rc7+ Ke6 40. Bh8 h5 41. Rh7 Re4+ 42. Kg3 Rb4 43. Rxh5 Rb3 44. Rh6+ Kf7 45. Kf4 Bd1 46. Rxa6 g3 47. Bd4 g2 48. Bg1 Rxb2 49. h5 Bxh5 0-1


[Site "https://www.chess.com"]

[Event "Titled Tuesday Blitz November 22 Late 2022"]
[White "Castillo Pena, Patricia Evarista"]
[Black "Perez Cruz, Adianet"]
[WhiteFideId "6412106"]
[BlackFideId "3510115"]
[WhiteElo "1919"]
[BlackElo "2050"]
[Result "0-1"]
[Round "09"]
[TimeControl "180+1"]
[Date "2022.11.23"]
[WhiteClock "0:00:25"]
[BlackClock "0:00:32"]

1. d4 d5 2. Nf3 Nf6 3. e3 c6 4. Bd3 Bg4 5. Nbd2 Nbd7 6. b3 e5 7. dxe5 Nxe5 8. Be2 Nxf3+ 9. Nxf3 Bd6 10. Bb2 O-O 11. O-O Qe7 12. h3 Bh5 13. Nd4 Bxe2 14. Qxe2 Qd7 15. Qf3 Be5 16. Rab1 Rfe8 17. Rfd1 Rad8 18. c4 Bxd4 19. Bxd4 Qe6 20. cxd5 Qxd5 21. Bxf6 Qxf3 22. Rxd8 Rxd8 23. gxf3 gxf6 24. Rc1 Rd2 25. a4 Rb2 26. Rc3 Kg7 27. Kg2 Kg6 28. f4 f5 29. Kf3 Kf6 30. Rd3 a6 31. a5 Ra2 32. b4 Rb2 33. Rd4 Kg7 34. Rc4 Kg6 35. Kg3 f6 36. f3 h5 37. e4 fxe4 38. fxe4 Rb3+ 39. Kh4 Rf3 40. f5+ Kh6 41. Rd4 Rb3 42. Rc4 Re3 43. Rd4 Rb3 44. Rc4 Rd3 45. e5 fxe5 46. Re4 Rd4 0-1


[Site "https://www.chess.com"]